SNL (28 & UNDER)
WEST PALM REDS @ SANTA FE DIABLOS
07/07/2023
 
TOP OF THE 1ST
West Palm Reds batting - Pitching for Santa Fe Diablos : RHP Ángelo Gusmán
Pitching: RHP Ángelo Gusmán
Batting: SHB Francis Shaffer 0-0: Ball
1-0: Ball
2-0: Swinging Strike
2-1: Foul Ball, location: 2F
2-2: SINGLE (Groundball, 6MD)
Batting: RHB Juan Vareas 0-0: Swinging Strike
0-1: Ball
1-1: Ball
2-1: Foul Ball, location: 2F
2-2: SINGLE (Line Drive, 6MD)
Francis Shaffer to second
Runner from 2nd tries for 3rd, SAFE after rundown.
Batting: LHB Enrique Cortéz 0-0: Foul Ball, location: 2F
0-1: Foul Ball, location: 2F
0-2: Fielders Choice at 2nd, 3-6 (Groundball, 3)
Francis Shaffer scores
Batting: SHB Todd Smith 0-0: Swinging Strike
0-1: Ball
1-1: Ball
2-1: Ground out 4-3 (Groundball, 4M)
Enrique Cortéz to second
Batting: RHB Jack Ray 0-0: Ball
1-0: Called Strike
1-1: Foul Ball, location: 2F
1-2: Ball
2-2: Strikes out swinging
Top of the 1st over - 1 run(s), 2 hit(s), 0 error(s), 1 left on base; West Palm 1 - Santa Fe 0
BOTTOM OF THE 1ST
Santa Fe Diablos batting - Pitching for West Palm Reds : LHP Pat Candelária
Pitching: LHP Pat Candelária
Batting: RHB Arnold Harmon 0-0: Fly out, F8 (Flyball, 8LD)
Batting: SHB António Hernández 0-0: Swinging Strike
0-1: Ball
1-1: Swinging Strike
1-2: Strikes out looking
Batting: RHB Iván Gonzáles 0-0: SINGLE (Flyball, 9S)
Batting: RHB Keith Jones 0-0: Ground out 6-3 (Groundball, 6)
Bottom of the 1st over - 0 run(s), 1 hit(s), 0 error(s), 1 left on base; West Palm 1 - Santa Fe 0
TOP OF THE 2ND
West Palm Reds batting - Pitching for Santa Fe Diablos : RHP Ángelo Gusmán
Batting: LHB Jeff Doss 0-0: Swinging Strike
0-1: Ball
1-1: Ground out U3 (Groundball, 3L)
Batting: LHB Raúl Cordero 0-0: Swinging Strike
0-1: Foul Ball, location: 2F
0-2: Ball
1-2: Ball
2-2: Strikes out swinging
Batting: LHB Bill Smith 0-0: Foul Ball, location: 2F
0-1: Swinging Strike
0-2: Ball
1-2: TRIPLE (Line Drive, 89M)
Batting: SHB Alex Hayes 0-0: Ball
1-0: Ball
2-0: Ball
3-0: Called Strike
3-1: Called Strike
3-2: Ground out 5-3 (Groundball, 5L)
Top of the 2nd over - 0 run(s), 1 hit(s), 0 error(s), 1 left on base; West Palm 1 - Santa Fe 0
BOTTOM OF THE 2ND
Santa Fe Diablos batting - Pitching for West Palm Reds : LHP Pat Candelária
Batting: RHB Wallace Greene 0-0: Swinging Strike
0-1: SINGLE (Line Drive, 89S)
Batting: RHB Roberto Zamora 0-0: Ball
1-0: Ball
2-0: Called Strike
2-1: Foul Ball, location: 2F
2-2: Strikes out swinging
Batting: LHB Roberto Sandoval 0-0: Called Strike
0-1: Foul Ball, location: 2F
0-2: Ball
1-2: Fielders Choice at 2nd, 1-6 (Groundball, 25)
Batting: RHB Henning Huisman 0-0: Ball
1-0: Foul Ball, location: 2F
1-1: Ball
2-1: Swinging Strike
2-2: Foul Ball, location: 2F
2-2: Strikes out swinging
Bottom of the 2nd over - 0 run(s), 1 hit(s), 0 error(s), 1 left on base; West Palm 1 - Santa Fe 0
TOP OF THE 3RD
West Palm Reds batting - Pitching for Santa Fe Diablos : RHP Ángelo Gusmán
Batting: SHB Francis Shaffer 0-0: Foul Ball, location: 2F
0-1: Called Strike
0-2: Strikes out swinging
Batting: RHB Juan Vareas 0-0: Ball
1-0: Ball
2-0: Called Strike
2-1: Foul Ball, location: 2F
2-2: Foul Ball, location: 2F
2-2: Strikes out swinging
Batting: LHB Enrique Cortéz 0-0: Ball
1-0: Ball
2-0: Ball
3-0: Base on Balls
Batting: SHB Todd Smith 0-0: Foul Ball, location: 2F
0-1: Ball
1-1: Foul Ball, location: 2F
1-2: Ball
2-2: SINGLE (Line Drive, 34D)
Enrique Cortéz to second
Runner from 2nd tries for 3rd, SAFE, throw made to third
Batting: RHB Jack Ray 0-0: Ball
1-0: Ball
2-0: Ball
3-0: Called Strike
3-1: Fly out, F8 (Flyball, 8RXD)
Top of the 3rd over - 0 run(s), 1 hit(s), 0 error(s), 2 left on base; West Palm 1 - Santa Fe 0
BOTTOM OF THE 3RD
Santa Fe Diablos batting - Pitching for West Palm Reds : LHP Pat Candelária
Batting: LHB Juan Ontiveros 0-0: Foul Ball, location: 2F
0-1: Called Strike
0-2: Foul Ball, location: 2F
0-2: Strikes out looking
Batting: RHB Arnold Harmon 0-0: Called Strike
0-1: Called Strike
0-2: Ball
1-2: Foul Ball, location: 2F
1-2: Foul Ball, location: 2F
1-2: Strikes out looking
Batting: SHB António Hernández 0-0: Called Strike
0-1: Swinging Strike
0-2: Strikes out swinging
Bottom of the 3rd over - 0 run(s), 0 hit(s), 0 error(s), 0 left on base; West Palm 1 - Santa Fe 0
TOP OF THE 4TH
West Palm Reds batting - Pitching for Santa Fe Diablos : RHP Ángelo Gusmán
Batting: LHB Jeff Doss 0-0: Ground out 6-3 (Groundball, 6M)
Batting: LHB Raúl Cordero 0-0: Ball
1-0: Called Strike
1-1: Ball
2-1: Ball
3-1: Swinging Strike
3-2: Foul Ball, location: 2F
3-2: Base on Balls
Batting: LHB Bill Smith 0-0: Called Strike
0-1: Ball
1-1: Swinging Strike
1-2: Ball
2-2: Strikes out looking
Batting: SHB Alex Hayes 0-0: Ball
1-0: Ball
2-0: Ball
3-0: Called Strike
3-1: Called Strike
3-2: Ground out 3-1 (Groundball, 34)
Top of the 4th over - 0 run(s), 0 hit(s), 0 error(s), 1 left on base; West Palm 1 - Santa Fe 0
BOTTOM OF THE 4TH
Santa Fe Diablos batting - Pitching for West Palm Reds : LHP Pat Candelária
Batting: RHB Iván Gonzáles 0-0: Ball
1-0: Foul Ball, location: 2F
1-1: Ball
2-1: Foul Ball, location: 2F
2-2: Ball
3-2: Base on Balls
Batting: RHB Keith Jones 0-0: Called Strike
0-1: Ball
1-1: Ball
2-1: Called Strike
2-2: Foul Ball, location: 2F
2-2: SINGLE (Groundball, 6MD)
Iván Gonzáles to second
Batting: RHB Wallace Greene 0-0: Ball
1-0: SINGLE (Line Drive, 89S)
Iván Gonzáles to third
Keith Jones to second
Batting: RHB Roberto Zamora 0-0: SINGLE (Groundball, 6MD) (infield hit)
Iván Gonzáles scores
Keith Jones to third
Wallace Greene to second
Batting: LHB Roberto Sandoval 0-0: Called Strike
0-1: Ball
1-1: Ball
2-1: Foul Ball, location: 2F
2-2: Foul Ball, location: 2F
2-2: Strikes out looking
Batting: RHB Henning Huisman 0-0: Ball
1-0: Fly out, F9 (Line Drive, 9M)
Runner from 3rd tags up, SCORES, no throw
Batting: LHB Juan Ontiveros 0-0: Foul Ball, location: 2F
0-1: Ball
1-1: Fly out, F7 (Flyball, 78M)
Bottom of the 4th over - 2 run(s), 3 hit(s), 0 error(s), 2 left on base; West Palm 1 - Santa Fe 2
TOP OF THE 5TH
West Palm Reds batting - Pitching for Santa Fe Diablos : RHP Ángelo Gusmán
Batting: SHB Francis Shaffer 0-0: Foul Ball, location: 2F
0-1: Ball
1-1: Called Strike
1-2: Foul Ball, location: 2F
1-2: Ball
2-2: Ball
3-2: Base on Balls
Batting: RHB Juan Vareas 0-0: Swinging Strike
0-1: Ball
1-1: Called Strike
1-2: Foul Ball, location: 2F
1-2: Strikes out swinging
Batting: LHB Enrique Cortéz 0-0: Fielders Choice at 2nd, U4 (Groundball, 4M)
Pitching: LHP Jerry Beck
Batting: SHB Todd Smith 0-0: Ball
1-0: Called Strike
1-1: Called Strike
1-2: Ball
2-2: Foul Ball, location: 2F
2-2: Ball
3-2: Foul Ball, location: 2F
3-2: Base on Balls
Enrique Cortéz to second
Batting: RHB Jack Ray 0-0: Called Strike
0-1: Swinging Strike
0-2: Ball
1-2: Foul Ball, location: 2F
Balk!
Enrique Cortéz to third
Todd Smith to second
1-2: Fly out, F3 (Popup, 3D)
Top of the 5th over - 0 run(s), 0 hit(s), 0 error(s), 2 left on base; West Palm 1 - Santa Fe 2
BOTTOM OF THE 5TH
Santa Fe Diablos batting - Pitching for West Palm Reds : LHP Pat Candelária
Batting: RHB Arnold Harmon 0-0: Called Strike
0-1: Called Strike
0-2: Ball
1-2: Foul Ball, location: 2F
1-2: Strikes out swinging
Batting: SHB António Hernández 0-0: Ball
1-0: Swinging Strike
1-1: SINGLE (Groundball, 4M)
Batting: RHB Iván Gonzáles 0-0: Ball
1-0: Foul Ball, location: 2F
1-1: Fly out, F9 (Flyball, 9S)
Batting: RHB Keith Jones 0-0: Ball
1-0: Ball
2-0: Fly out, F8 (Flyball, 8RM)
Bottom of the 5th over - 0 run(s), 1 hit(s), 0 error(s), 1 left on base; West Palm 1 - Santa Fe 2
TOP OF THE 6TH
West Palm Reds batting - Pitching for Santa Fe Diablos : LHP Jerry Beck
Batting: LHB Jeff Doss 0-0: Called Strike
0-1: Ground out 3-1 (Groundball, 34S)
Batting: LHB Raúl Cordero 0-0: Ball
1-0: Called Strike
1-1: Ball
2-1: Foul Ball, location: 2F
2-2: Ball
3-2: Ground out 4-3 (Groundball, 4)
Batting: LHB Bill Smith 0-0: Called Strike
0-1: Ball
1-1: Ball
2-1: Swinging Strike
2-2: Strikes out swinging
Top of the 6th over - 0 run(s), 0 hit(s), 0 error(s), 0 left on base; West Palm 1 - Santa Fe 2
BOTTOM OF THE 6TH
Santa Fe Diablos batting - Pitching for West Palm Reds : LHP Pat Candelária
Batting: RHB Wallace Greene 0-0: Ground out 6-3 (Groundball, 6)
Batting: RHB Roberto Zamora 0-0: Ball
1-0: Ball
2-0: Ball
3-0: Base on Balls
Batting: LHB Roberto Sandoval 0-0: Ball
1-0: Ball
2-0: Foul Ball, location: 2F
2-1: Fly out, F9 (Flyball, 9M)
Batting: RHB Henning Huisman 0-0: Ball
1-0: Ball
Roberto Zamora steals 2nd base
2-0: Called Strike
2-1: Swinging Strike
2-2: Ball
3-2: Base on Balls
Batting: LHB Juan Ontiveros 0-0: SINGLE (Groundball, 34D)
Roberto Zamora to third
Henning Huisman to second
Runner from 3rd tries for Home, SAFE, no throw or cutoff
Batting: RHB Arnold Harmon 0-0: Ball
1-0: Foul Ball, location: 2F
1-1: Fielders Choice at 2nd, U6 (Groundball, 6M)
Bottom of the 6th over - 1 run(s), 1 hit(s), 0 error(s), 2 left on base; West Palm 1 - Santa Fe 3
TOP OF THE 7TH
West Palm Reds batting - Pitching for Santa Fe Diablos : LHP Jerry Beck
Batting: SHB Alex Hayes 0-0: Ground out 6-3 (Groundball, 6)
Batting: SHB Francis Shaffer 0-0: Ball
1-0: SINGLE (Flyball, 7LS)
Batting: RHB Juan Vareas 0-0: SINGLE (Popup, 4MD)
Francis Shaffer to second
Francis Shaffer to third
Pinch Hitting: RHB Juan López 0-0: Ball
1-0: Called Strike
1-1: Foul Ball, location: 2F
1-2: Strikes out looking
Batting: SHB Todd Smith 0-0: Called Strike
Juan Vareas steals 2nd base
0-1: Ball
1-1: Ground out 4-3 (Groundball, 4)
Top of the 7th over - 0 run(s), 2 hit(s), 0 error(s), 2 left on base; West Palm 1 - Santa Fe 3
BOTTOM OF THE 7TH
Santa Fe Diablos batting - Pitching for West Palm Reds : LHP Pat Candelária
Pitching: LHP Francisco Nieto
Now in LF: Juan López
Batting: SHB António Hernández 0-0: Called Strike
0-1: Called Strike
0-2: Foul Ball, location: 2F
0-2: Strikes out looking
Batting: RHB Iván Gonzáles 0-0: Ball
1-0: Foul Ball, location: 2F
1-1: Fly out, F9 (Flyball, 9LM)
Batting: RHB Keith Jones 0-0: Foul Ball, location: 2F
0-1: Swinging Strike
0-2: Ball
1-2: Ball
2-2: SINGLE (Flyball, 9S)
Batting: RHB Wallace Greene 0-0: Ball
1-0: Called Strike
Keith Jones steals 2nd base
1-1: Foul Ball, location: 2F
1-2: Strikes out swinging
Bottom of the 7th over - 0 run(s), 1 hit(s), 0 error(s), 1 left on base; West Palm 1 - Santa Fe 3
TOP OF THE 8TH
West Palm Reds batting - Pitching for Santa Fe Diablos : LHP Jerry Beck
Pitching: RHP David Green
Now at C: Michael Anderson
Batting: RHB Jack Ray 0-0: Called Strike
0-1: Foul Ball, location: 2F
0-2: Strikes out swinging
Batting: LHB Jeff Doss 0-0: Called Strike
0-1: Ball
1-1: Ball
2-1: Ball
3-1: Called Strike
3-2: Base on Balls
Pitching: LHP Columbo Briatori
Batting: LHB Raúl Cordero 0-0: Called Strike
0-1: Hit by Pitch
Jeff Doss to second
Pitching: LHP Doug Starks
Pinch Hitting: RHB Carlos García 0-0: Foul Ball, location: 2F
0-1: Called Strike
0-2: Fielders Choice at 2nd, 6-4 (Groundball, 6)
Jeff Doss to third
Batting: SHB Alex Hayes 0-0: Ball
Wild Pitch!
Jeff Doss scores
Carlos García to second
1-0: Ball
2-0: Ground out U3 (Groundball, 3L)
Top of the 8th over - 1 run(s), 0 hit(s), 0 error(s), 1 left on base; West Palm 2 - Santa Fe 3
BOTTOM OF THE 8TH
Santa Fe Diablos batting - Pitching for West Palm Reds : LHP Francisco Nieto
Now at 1B: Carlos García
Batting: RHB Roberto Zamora 0-0: Foul Ball, location: 2F
0-1: Called Strike
0-2: Ball
1-2: DOUBLE (Flyball, 89XD)
Pinch Hitting: RHB Robinson Pacheco 0-0: Intentional Walk
Batting: RHB Henning Huisman 0-0: Called Strike
0-1: Sac Bunt - play at first, batter OUT! 5-4
Roberto Zamora to third
Robinson Pacheco to second
Batting: LHB Juan Ontiveros 0-0: Foul Ball, location: 2F
0-1: Foul Ball, location: 2F
0-2: Ball
1-2: Strikes out swinging
Batting: RHB Arnold Harmon 0-0: Ground out 4-3 (Groundball, 4)
Bottom of the 8th over - 0 run(s), 1 hit(s), 0 error(s), 2 left on base; West Palm 2 - Santa Fe 3
TOP OF THE 9TH
West Palm Reds batting - Pitching for Santa Fe Diablos : LHP Doug Starks
Pitching: RHP David Sheppard
Now at 1B: Ánibal Gonzáles
Pinch Hitting: LHB Jeff McKinney 0-0: Ball
1-0: Called Strike
1-1: Called Strike
1-2: SOLO HOME RUN (Line Drive, 9D), Distance : 349 ft
Batting: RHB Juan Vareas 0-0: Called Strike
0-1: Ball
1-1: Ball
2-1: Fly out, F7 (Line Drive, 7M)
Pinch Hitting: LHB Manny Ortíz 0-0: Ball
1-0: Foul Ball, location: 2F
1-1: Ground out 4-3 (Groundball, 4)
Batting: SHB Todd Smith 0-0: Ball
1-0: Foul Ball, location: 2F
1-1: Fly out, F8 (Flyball, 8RXD)
Top of the 9th over - 1 run(s), 1 hit(s), 0 error(s), 0 left on base; West Palm 3 - Santa Fe 3
BOTTOM OF THE 9TH
Santa Fe Diablos batting - Pitching for West Palm Reds : LHP Francisco Nieto
Now at 3B: Ánibal Martínez
Now in LF: Jeff McKinney
Batting: SHB António Hernández 0-0: Ball
1-0: Ground out 5-3 (Groundball, 56)
Batting: RHB Iván Gonzáles 0-0: Ball
1-0: Foul Ball, location: 2F
1-1: Fly out, F8 (Flyball, 8LXD)
Pinch Hitting: RHB Júlio López 0-0: Ball
1-0: Ground out 1-3 (Groundball, 23)
Bottom of the 9th over - 0 run(s), 0 hit(s), 0 error(s), 0 left on base; West Palm 3 - Santa Fe 3
TOP OF THE 10TH
West Palm Reds batting - Pitching for Santa Fe Diablos : RHP David Sheppard
Now in CF: Don Soper
Batting: RHB Jack Ray 0-0: Ball
1-0: Called Strike
1-1: Called Strike
1-2: Fly out, F2 (Popup, 5SF)
Batting: LHB Jeff Doss 0-0: Called Strike
0-1: Ball
1-1: Foul Ball, location: 2F
1-2: Ball
2-2: Foul Ball, location: 2F
2-2: Ball
3-2: Base on Balls
Batting: LHB Raúl Cordero 0-0: Ball
1-0: Ball
2-0: Ground out 4-3 (Groundball, 4M)
Jeff Doss to second
Batting: RHB Carlos García 0-0: Foul Ball, location: 2F
0-1: Ball
1-1: Swinging Strike
1-2: Strikes out swinging
Top of the 10th over - 0 run(s), 0 hit(s), 0 error(s), 1 left on base; West Palm 3 - Santa Fe 3
BOTTOM OF THE 10TH
Santa Fe Diablos batting - Pitching for West Palm Reds : LHP Francisco Nieto
Batting: RHB Michael Anderson 0-0: Ball
1-0: Ball
2-0: Foul Ball, location: 2F
2-1: SOLO HOME RUN (Line Drive, 7D), Distance : 355 ft
This league is powered by Out of the Park Baseball, the baseball management simulation game for PC, Mac and Linux
Wednesday, December 2nd, 2015 - OOTP Baseball 16.8 Build 38